 Dungeon Crawl Stone Soup version 0.28-a0-948-gee6e0bcda6 (webtiles) character file.

Game seed: 14011486565805897401

154 HessuHobo the Cudgeller (level 5, -6/53 HPs)
             Began as a Troll Fighter on Nov 30, 2021.
             Asphyxiated
             ... on level 4 of the Dungeon.
             The game lasted 00:04:24 (2852 turns).

HessuHobo the Cudgeller (Troll Fighter)             Turns: 2852, Time: 00:04:25

Health: -6/53      AC:  4    Str: 25    XL:     5   Next: 13%
Magic:  4/4        EV:  7    Int:  4    God:
Gold:   200        SH:  7    Dex:  9    Spells: 4/4 levels left

rFire   . . .      SeeInvis .   o - +0 flail (drain)
rCold   . . .      Faith    .   c - +0 kite shield
rNeg    . . .      Spirit   .   b - +0 robe
rPois   .          Reflect  .   (helmet restricted)
rElec   .          Harm     .   (no cloak)
rCorr   .          Rampage  .   (gloves unavailable)
Will    .....                   (boots unavailable)
Stlth   +.........              (no amulet)
HPRegen 0.97/turn               (no ring)
MPRegen 0.09/turn               (no ring)

@: lethally poisoned (-6 -> -14), slowed, very slow
A: large, unfitting armour, claws 3, regeneration 1, shaggy fur 1, tough skin 1
a: no special abilities


You were on level 4 of the Dungeon.
You visited 1 branch of the dungeon, and saw 4 of its levels.

You collected 200 gold pieces.

Inventory:

Hand Weapons
 a - a +0 flail
 o - a +0 flail of draining (weapon)
Armour
 b - a +0 robe (worn)
 c - a +0 kite shield (worn)
 i - a +0 chain mail
Jewellery
 j - a +4 ring of evasion
 k - a +4 ring of protection
 m - a ring of fire
Wands
 l - a wand of polymorph (5)
Scrolls
 e - 3 scrolls of identify
 f - 2 scrolls of amnesia {unknown}
 p - a scroll of blinking {unknown}
Potions
 d - 2 potions of might
 g - 2 potions of heal wounds
 h - 2 potions of invisibility
 n - 2 potions of lignification {unknown}


   Skills:
 + Level 3.5 Fighting
 + Level 3.9 Maces & Flails
 - Level 2.4 Dodging
 - Level 2.4 Shields


You had 4 spell levels left.
You didn't know any spells.
Your spell library contained the following spells:

 Spells                   Type           Power      Damage    Failure   Level
 Slow                     Hex            0%         N/A       93%         1
 Confusing Touch          Hex            0%         N/A       100%        3
 Ignite Poison            Fire/Tmut/Pois 0%         N/A       100%        3
 Mephitic Cloud           Conj/Pois/Air  0%         N/A       100%        3
 Summon Guardian Golem    Hex/Summ       0%         N/A       100%        3
 Vampiric Draining        Necr           0%         2d6       100%        3
 Summon Lightning Spire   Summ/Air       0%         N/A       100%        4
 Freezing Cloud           Conj/Ice/Air   0%         6-21      100%        5
 Orb of Destruction       Conj           0%         N/A       100%        7
 Spellforged Servitor     Conj/Summ      0%         N/A       100%        7
 Storm Form               Tmut/Air       0%         N/A       100%        7
 Maxwell's Capacitive Co  Air            0%         ∞         100%        8


Dungeon Overview and Level Annotations

Branches:
Dungeon (4/15)
 Temple: D:4-7

Altars:
Makhleb
Ru
The Shining One


Innate Abilities, Weirdness & Mutations

You are too large for most types of armour.
You have claws for hands.
Your natural rate of healing is unusually fast.
You are covered in fur. (AC +1)
You have tough skin. (AC +1)


Message History

The dart slug bites you.
You hit the dart slug.
The dart slug is almost dead.
The dart slug bites you.
You sock the worm!
The worm is severely wounded.
You block the dart slug's attack. The worm barely misses you.
Unknown command.
You hit the dart slug.
You kill the dart slug!
The worm bites you!
* * * LOW HITPOINT WARNING * * *
You see here a dart slug corpse.
You barely miss the worm.
The worm is heavily wounded.
The worm bites you.
* * * LOW HITPOINT WARNING * * *
You hit the worm. You drain the worm.
The worm is almost dead.
The worm bites you.
* * * LOW HITPOINT WARNING * * *
You hit the worm.
You kill the worm!
A hobgoblin comes into view. It is quivering curare-tipped darts.
Found a dagger.
The hobgoblin shouts!
The hobgoblin throws a curare-tipped dart.
The curare-tipped dart hits you.
You are poisoned.
You have difficulty breathing.
* * * LOW HITPOINT WARNING * * *
You feel yourself slow down.
* * * LOW HITPOINT WARNING * * *
You feel very sick.
You feel sick.
The hobgoblin throws a curare-tipped dart.
The curare-tipped dart hits you.
You are lethally poisoned!
You have difficulty breathing.
You die...

### ##.# #†## #.##..# .
#.###.# ..
##.###.####...
#....#........
#.##.##..###.# ########
#.##.....#
#.....@###.###..#...#
).........g......#.#.#
##.........#.###...#...
#................#.....
#..................####
#......#.........g...
.....|##..........##.#
...... #........... ..
..... ...........#


You could see a hobgoblin.

Vanquished Creatures
  An orc wizard (D:3)
  5 adders
  2 worms
  4 dart slugs
  2 orcs (D:3)
  6 endoplasms
  3 giant cockroaches
  5 goblins
  6 hobgoblins
  8 jackals (D:1)
  3 kobolds
  5 quokkas
  4 ball pythons
  3 bats
  2 frilled lizards
  6 rats
65 creatures vanquished.

Notes
Turn   | Place    | Note
-------+----------+-------------------------------------------
     0 | D:1      | HessuHobo the Troll Fighter began the quest for the Orb.
     0 | D:1      | Reached XP level 1. HP: 22/22 MP: 0/0
    97 | D:1      | Reached XP level 2. HP: 27/29 MP: 1/1
   299 | D:1      | Reached XP level 3. HP: 37/37 MP: 2/2
   480 | D:1      | You fall into a shaft and drop 1 floor!
  1386 | D:2      | Found a faded altar of an unknown god.
  1511 | D:2      | Reached XP level 4. HP: 36/45 MP: 3/3
  2531 | D:3      | Found a glowing golden altar of the Shining One.
  2535 | D:3      | Found a burning altar of Makhleb.
  2707 | D:3      | Found a sacrificial altar of Ru.
  2736 | D:4      | Noticed a gnoll sergeant
  2807 | D:4      | Reached XP level 5. HP: 53/53 MP: 4/4
  2852 | D:4      | Asphyxiated

Illustrated notes

Levels and vault maps discovered:
D:1:      dpeg_arrival_signposts, layout_basic
D:2:      layout_loops_ring, shapermc_ecumenical_altar_notcrosses,
          feat_on_display
D:3:      layout_rooms, tso_oasis_becter, nicolae_ru_the_path_less_chosen,
          amcnicky_altar_gilded
D:4:      layout_rooms, vehumet_altar_wand_db, minmay_hedge_maze,
          nicolae_shop_dragon_depot

Skill      XL: |  1  2  3 |
---------------+----------+-----
Maces & Flails | 2 3 |  3.9
Fighting       | 3 |  3.5
Dodging        | |  2.4
Shields        | |  2.4

Action                   |  1- 3 |  4- 6 || total
-------------------------+-------+-------++-------
Melee: Flail             |   126 |   112 ||   238
  Use: Scroll            |       |     3 ||     3
Armor: Robe              |    58 |    50 ||   108
Dodge: Dodged            |    51 |    55 ||   106
Block: Kite shield       |    54 |    60 ||   114

Table legend: (Time is in decaauts)
 A = Elapsed time spent in this place.
 B = Non-inter-level travel time spent in this place.
 C = Inter-level travel time spent in this place.
 D = Time resting spent in this place.
 E = Time spent auto-exploring this place.
 F = Levels seen in this place.
 G = Mean time per level.
                   A        B        C        D        E       F      G
               +--------+--------+--------+--------+--------+-----+--------+
         Total |   2966 |   2821 |    145 |    456 |   1682 |   4 |  741.5 |
       Dungeon |   2966 |   2821 |    145 |    456 |   1682 |   4 |  741.5 |
               +--------+--------+--------+--------+--------+-----+--------+

Top non-repeatable levels by time:
     D:2: 1041 daAuts
     D:1: 926 daAuts
     D:3: 901 daAuts
     D:4: 96 daAuts
